 Dungeon Crawl Stone Soup version 0.30-a0-596-g0af90f9a20 (webtiles) character file.

Game seed: 13138309030899361237

102581 yumyumyeen the Tortoise (level 15, -6/130 HPs)
             Began as a Demonspawn Monk on Jan 6, 2023.
             Was an Initiate of Gozag.
             Mangled by Mara (illusionary)
             ... wielding a +1 demon whip of electrocution
              (15 damage)
             ... on level 4 of the Swamp.
             The game lasted 01:41:23 (31282 turns).

yumyumyeen the Tortoise (Demonspawn Monk)          Turns: 31282, Time: 01:41:23

Health: -6/130     AC: 40    Str: 23    XL:     15   Next: 86%
Magic:  0/22       EV:  6    Int: 13    God:    Gozag
Gold:   29         SH: 13    Dex: 16    Spells: 19/23 levels left

rFire   . . .      SeeInvis .    p - +9 long sword (elec)
rCold   + . .      Faith    .    J - +1 kite shield {AC+3}
rNeg    . . .      Spirit   +    u - +0 crystal plate armour
rPois   .          Reflect  .    (no helmet)
rElec   .          Harm     .    (cloak unavailable)
rCorr   .          Rampage  .    i - +2 pair of gloves
Will    +....                    b - +0 pair of boots Stlth
                                 d - amulet of regeneration
HPRegen 1.21/turn                k - +4 ring of protection
MPRegen 0.36/turn                t - +6 ring of strength

@: very slow
A: icy blue scales 3, robust 1, magic shield, magic regeneration, magic link,
condensation shield, weakness stinger 3
a: Renounce Religion, Potion Petition, Call Merchant, Bribe Branch


You were on level 4 of the Swamp.
You worshipped Gozag.
Gozag was noncommittal.
You visited 3 branches of the dungeon, and saw 24 of its levels.
You also visited: Sewer and Ossuary.

You collected 7678 gold pieces.
You spent 793 gold pieces at shops.
You paid 6856 gold pieces to Gozag.

Inventory:

Hand Weapons
 p - a +9 long sword of electrocution (weapon)
 D - a +4 long sword of protection
Armour
 b - a +0 pair of boots (worn)
 i - a +2 pair of gloves (worn)
 u - a +0 crystal plate armour (worn)
 J - a +1 kite shield of protection (worn)
Jewellery
 d - an amulet of regeneration (around neck)
 k - a +4 ring of protection (left hand)
 s - a +4 ring of protection
 t - a +6 ring of strength (right hand)
 C - a ring of protection from fire
Wands
 a - a wand of digging (18)
 e - a wand of light (7)
 h - a wand of polymorph (5)
 n - a wand of roots (33)
 o - a wand of mindburst (7)
 G - a wand of flame (18)
Scrolls
 m - a scroll of fog
 w - 7 scrolls of identify
 A - a scroll of poison
 B - a scroll of amnesia
Potions
 f - a potion of flight
 j - a potion of mutation
 l - 9 potions of brilliance
 r - 3 potions of magic
 E - a potion of cancellation
 F - a potion of lignification
Miscellaneous
 y - a condenser vane


   Skills:
 + Level 11.4 Fighting
 - Level 4.1(10.7) Short Blades
 + Level 15.2(15.4) Long Blades
 - Level 1.0 Staves
 + Level 16.4 Armour
 - Level 3.5 Dodging
 - Level 4.3 Stealth
 * Level 10.8 Shields
 * Level 4.9 Spellcasting
 - Level 4.5 Summonings
 - Level 1.2 Evocations


You had 19 spell levels left.
You knew the following spells:

 Your Spells              Type           Power      Damage    Failure   Level
a - Animate Armour        Summ/Erth      18%        N/A       100%        4

Your spell library contained the following spells:

 Spells                   Type           Power      Damage    Failure   Level
 Summon Small Mammal      Summ           60%        N/A       88%         1
 Call Imp                 Summ           15%        N/A       95%         2
 Apportation              Tloc           6%         N/A       100%        1
 Magic Dart               Conj           12%        1d3       100%        1
 Necrotise                Necr           12%        1d4       100%        1
 Blink                    Tloc           6%         N/A       100%        2
 Cigotuvi's Dreadful Rot  Necr/Pois/Air  6%         N/A       100%        2
 Momentum Strike          Conj/Tloc      6%         3d8       100%        2
 Poisonous Vapours        Pois/Air       6%         N/A       100%        2
 Static Discharge         Conj/Air       6%         2-3/arc   100%        2
 Gell's Gravitas          Tloc           3%         N/A       100%        3
 Lesser Beckoning         Tloc           6%         N/A       100%        3
 Mephitic Cloud           Conj/Pois/Air  3%         N/A       100%        3
 Stone Arrow              Conj/Erth      6%         3d7       100%        3
 Summon Guardian Golem    Hex/Summ       9%         N/A       100%        3
 Teleport Other           Tloc           3%         N/A       100%        3
 Vhi's Electric Charge    Tloc/Air       6%         N/A       100%        3
 Arcjolt                  Conj/Air       1%         1d11      100%        5
 Lightning Bolt           Conj/Air       1%         1d12      100%        5
 Summon Forest            Summ/Tloc      4%         N/A       100%        5
 Summon Mana Viper        Hex/Summ       9%         N/A       100%        5
 Summon Cactus Giant      Summ           7%         N/A       100%        6
 Orb of Destruction       Conj           1%         9d5       100%        7
 Spellforged Servitor     Conj/Summ      4%         N/A       100%        7
 Lehudib's Crystal Spear  Conj/Erth      1%         10d2      100%        8


Dungeon Overview and Level Annotations

Branches:
Dungeon (15/15)            Temple (0/1) D:5            Lair (5/5) D:10
  Swamp (4/4) Lair:3        Snake (0/4) Lair:2          Orc (0/2) D:11
 Vaults (0/5) D:13         Depths (0/4) D:15          Sewer (visited)
Ossuary (visited)
  Slime: Lair:4-5

Altars:
Ashenzari
Cheibriados
Dithmenos
Gozag
Hepliaklqana
Kikubaaqudgha
Nemelex Xobeh
Qazlal
Sif Muna
Uskayaw
Vehumet
Wu Jian
Xom

Shops:
D:4 [   D:5 [   D:15 *

Portals:
Trove: D:10 (give horn of Geryon)

Annotations:
D:5 1 runed translucent door
Swamp:4 Mara


Innate Abilities, Weirdness & Mutations

You are completely covered in icy blue scales. (AC +4, rC+)
You are robust. (+10% HP)
When hurt, damage is shared between your health and your magic reserves.
You regenerate magic rapidly.
When low on magic, you restore magic in place of health.
A meltable shield of frost defends you. (SH +0)
You have a sharp stinger which inflicts weakening toxins.


Message History

The swamp dragon tramples you but does no damage.
Mara shimmers.
Mara shimmers and seems to become three!
Something hits you.
You slice Mara!!
Mara is severely wounded.
Mara blinks!
Something hits you but does no damage.
You slash Mara!
Mara is heavily wounded.
Mara splashes around in the water.
The lindwurm breathes flames at you.
The blast of flame hits Mara.
Mara resists.
The blast of flame hits you but does no damage.
You block the swamp dragon's attack. x2
The swamp dragon tramples you but does no damage.
Mara hits you with a +1 demon whip of electrocution!!
* * * LOW HITPOINT WARNING * * *
You slash Mara!
Mara is severely wounded.
Something hits you!
* * * LOW HITPOINT WARNING * * *
Your magical effects are unravelling.
You feel magically purged.
You feel less wooden.
Your +2 pair of gloves unmelds from your body.
Your +0 pair of boots unmelds from your body.
Your +0 crystal plate armour unmelds from your body.
You feel yourself slow down.
You flicker back into view.
You feel a little less mighty now.
Your resistance to elements expires.
You block something's attack. The swamp dragon bites you.
* * * LOW HITPOINT WARNING * * *
The swamp dragon claws you but does no damage.
The swamp dragon tramples you.
* * * LOW HITPOINT WARNING * * *
You hold your ground!
Mara hits you with a +1 demon whip of electrocution!
* * * LOW HITPOINT WARNING * * *
You are electrocuted!!
You die...
Your body crumbles into a pile of gold.

.~.~~.~♣§~~§.~♣..k♣♣♣♣♣♣
~~..♣.♣..~~~......♣♣~.§♣♣
..~.~♣~.<...~.~~~..~~~~~♣
.~~.♣♣♣♣§..♣~.~~~~~.~~~.♣♣
~~.~~.♣♣♣§♣♣..~§~..~~~~~.♣
.♣~....♣♣♣♣♣.~~~D..[.~~~~♣♣♣
~♣♣.♣.~~....♣♣♣.k..~~§.....♣
♣♣♣~.~~~..~....DR~.~~~~..~~♣
♣♣~~~~.♣♣.<♣~R@R~~♣~~..♣♣♣
♣...~~.♣♣♣♣♣..§{...~~..~♣
♣♣~~~~.♣ ♣~.§§~~~~.~~.~♣
♣♣~~.~♣ ♣~~§~~~.....!~♣
♣..~♣♣ ♣♣~~~~...♣♣♣♣♣♣ ♣♣♣♣♣
♣~~~~~♣♣♣ ♣.~.~♣♣ ♣♣♣♣♣♣


You could see 3 Maras, a fire dragon, a swamp dragon and a lindwurm (catching
breath).

Vanquished Creatures
  Rupert (D:13)
  2 bunyips (Swamp:1)
  2 eleionomae
  Josephine (Lair:4)
  The ghost of billz999 the Fighter, a journeyman DjIE of Makhleb (Lair:1)
  A fire dragon (Swamp:4)
  2 great orbs of eyes
  2 ghost crabs
  13 hydras
  2 catoblepae
  A centaur warrior (D:14)
  A two-headed ogre (shapeshifter) (D:15)
  2 dancing weapons
  4 alligators
  2 boulder beetles
  3 tengu warriors
  3 two-headed ogres
  A fire crab (Swamp:4)
  3 skeletal warriors (D:12)
  A spectral death yak (Lair:3)
  3 goliath frogs (Swamp:2)
  3 spriggan druids
  5 swamp dragons
  A spectral hydra (Lair:3)
  16 slime creatures
  4 bog bodies
  A lindwurm (Swamp:4)
  2 deep elf pyromancers (D:14)
  2 manticores (D:15)
  11 ugly things
  A wolf spider (D:14)
  3 cyclopes
  6 elephants (Lair:4)
  7 will-o-the-wisps
  A black mamba (shapeshifter) (D:14)
  Joseph (D:8)
  2 black mambas
  Maggie (D:7)
  23 cane toads
  3 freezing wraiths
  A yaktaur (shapeshifter) (D:13)
  2 rime drakes
  An efreet (D:15)
  10 komodo dragons
  2 tengu conjurers
  A yaktaur (D:14)
  The ghost of GiantSquids the Shooter, a novice SpHu (D:5)
  4 trolls
  A merfolk (shapeshifter) (D:13)
  10 tyrant leeches
  24 blink frogs
  A burning bush (Lair:4)
  2 polar bears
  12 hornets
  A blink frog (shapeshifter) (D:15)
  12 dream sheep (Lair:4)
  Sigmund (D:2)
  10 spriggans
  7 wyverns
  26 yaks
  5 basilisks
  Grum (D:8)
  4 steam dragons
  7 wraiths
  A fire elemental (D:13)
  10 vampire mosquitoes
  Menkaure (D:4)
  12 swamp worms
  3 nagas (Lair:2)
  A spectral cane toad (Lair:3)
  2 acid dragons
  13 water moccasins
  Pargi (D:3)
  A spectral polar bear (Lair:3)
  8 swamp drakes
  3 orc warriors
  9 ice beasts
  A sky beast (D:7)
  3 ogres
  A spectral rime drake (Lair:3)
  3 wolves
  12 centaurs
  A phantom (D:4)
  9 kobold brigands
  16 bullfrogs
  The ghost of Zonian the Magician, an amateur VSWn (D:4)
  2 gnoll sergeants (D:5)
  A scorpion (D:4)
  A necrophage (D:4)
  5 wights (D:9)
  5 killer bees (D:8)
  6 howler monkeys
  An electric eel (Lair:5)
  3 hounds
  A human zombie (D:7)
  2 jellies
  3 gnoll boudas
  4 orc priests
  An iguana (D:5)
  Crazy Yiuf (D:2)
  Ijyb (D:3)
  Natasha (thrice) (D:2)
  11 orc wizards
  5 hell rats (Lair:4)
  4 mummies (Ossuary)
  Robin (D:3)
  6 adders
  19 gnolls
  4 river rats
  A shadow imp (D:5)
  2 white imps
  2 ufetubi
  11 worms
  A dart slug (D:5)
  41 orcs
  16 ball pythons
  2 bats
  13 endoplasms
  3 giant cockroaches
  5 gnoll zombies (Ossuary)
  16 goblins
  4 hobgoblins
  2 jackals (D:5)
  33 kobolds
  4 quokkas
  A frilled lizard (D:1)
  6 gnoll skeletons (Ossuary)
  7 goblin skeletons (Ossuary)
  4 goblin zombies (Ossuary)
  A hobgoblin skeleton (Ossuary)
  3 hobgoblin zombies (Ossuary)
  4 kobold skeletons (Ossuary)
  3 kobold zombies (Ossuary)
  4 orc skeletons (Ossuary)
  4 orc zombies (Ossuary)
  10 rats
  3 rat skeletons (Ossuary)
  6 rat zombies (Ossuary)
  3 bushes
707 creatures vanquished.

Vanquished Creatures (others)
  A bloated husk (Swamp:3)
  A swamp drake (Swamp:4)
  31 foxfires
  31 fungi
  81 plants
  3 toadstools (D:1)
148 creatures vanquished.

Grand Total: 855 creatures vanquished

Notes
Turn   | Place    | Note
-------+----------+-------------------------------------------
     0 | D:1      | yumyumyeen the Demonspawn Monk began the quest for the Orb.
     0 | D:1      | Reached XP level 1. HP: 18/18 MP: 1/1
   536 | D:1      | Gained mutation: You regenerate magic rapidly. [demonic
                  | ancestry]
   536 | D:1      | Reached XP level 2. HP: 24/24 MP: 2/2
  1373 | D:2      | Noticed Natasha
  1389 | D:2      | Killed Natasha
  1390 | D:2      | Gained mutation: When hurt, damage is shared between your
                  | health and your magic reserves. [demonic ancestry]
  1390 | D:2      | Reached XP level 3. HP: 9/29 MP: 3/3
  1496 | D:2      | Noticed Sigmund
  1521 | D:2      | Killed Sigmund
  1522 | D:2      | Reached skill level 1 in Armour
  1522 | D:2      | Gained mutation: You are partially covered in icy blue
                  | scales. (AC +2) [demonic ancestry]
  1522 | D:2      | Reached XP level 4. HP: 27/37 MP: 2/4
  1522 | D:2      | Gained mutation: You are mostly covered in icy blue scales.
                  | (AC +3) [demonic ancestry]
  1522 | D:2      | Reached XP level 5. HP: 31/42 MP: 2/5
  1972 | D:2      | Noticed Natasha
  2025 | D:2      | Killed Natasha
  2026 | D:2      | Gained mutation: You have a small tail. [demonic ancestry]
  2026 | D:2      | Reached XP level 6. HP: 46/48 MP: 6/6
  2285 | D:2      | Noticed Natasha
  2303 | D:2      | Killed Natasha
  2304 | D:2      | Reached skill level 2 in Armour
  2571 | D:2      | Found a runed translucent door.
  2572 | D:2      | Noticed Crazy Yiuf
  2593 | D:2      | Killed Crazy Yiuf
  2802 | D:3      | Found a sparkling altar of Nemelex Xobeh.
  3004 | D:3      | Noticed Robin
  3023 | D:3      | Killed Robin
  3080 | D:3      | Noticed Ijyb
  3094 | D:3      | Killed Ijyb
  3095 | D:3      | Reached skill level 1 in Staves
  3345 | D:3      | Noticed Pargi
  3355 | D:3      | Killed Pargi
  3356 | D:3      | Reached skill level 1 in Long Blades
  3526 | D:4      | Noticed Zonian's ghost (amateur VSWn)
  3526 | D:4      | Found a runed translucent gate.
  3526 | D:4      | Found a runed translucent gate.
  3526 | D:4      | Found a runed translucent gate.
  3550 | D:4      | Reached skill level 3 in Armour
  3550 | D:4      | Reached XP level 7. HP: 52/54 MP: 5/7
  3674 | D:4      | Noticed Menkaure
  3679 | D:4      | Killed Menkaure
  3736 | D:4      | Found a glowing drain.
  3745 | Sewer    | Entered a sewer
  4073 | Sewer    | Reached XP level 8. HP: 61/61 MP: 8/8
  4344 | Sewer    | Reached skill level 4 in Armour
  4451 | D:4      | Found Cykof's Armour Boutique.
  4546 | D:4      | Found an opulent altar of Gozag.
  4611 | D:4      | Became a worshipper of Gozag Ym Sagoz the Greedy
  4644 | D:4      | You fall into a shaft and drop 1 floor!
  4644 | D:5      | Entered Level 5 of the Dungeon
  4644 | D:5      | Found a hazy altar of Hepliaklqana.
  4680 | D:5      | Found the +4 robe of Augmentation {Str+4 Int+4 Dex+4}
  4698 | D:5      | Reached skill level 5 in Long Blades
  5348 | D:4      | Killed Zonian's ghost
  5761 | D:5      | Found a staircase to the Ecumenical Temple.
  5804 | D:5      | Found a runed translucent door.
  5808 | D:5      | Noticed GiantSquids's ghost (novice SpHu)
  5827 | D:5      | Found a runed translucent door.
  5849 | D:5      | Reached skill level 5 in Fighting
  5988 | D:5      | Reached XP level 9. HP: 68/68 MP: 9/9
  6037 | D:5      | Found Nurudeob's Armour Emporium.
  6057 | D:5      | Found a broken altar of Ashenzari.
  6222 | D:5      | Killed GiantSquids's ghost
  6223 | D:5      | Reached skill level 5 in Armour
  6691 | D:6      | Found a hide-covered altar of Uskayaw.
  6885 | D:6      | Found an ornate altar of the Wu Jian Council.
  6919 | D:7      | Noticed Maggie
  6927 | D:7      | Killed Maggie
  6937 | D:7      | Found a sand-covered staircase.
  7005 | Ossuary  | Entered an ossuary
  8471 | D:7      | Gained mutation: A meltable shield of frost defends you.
                  | (SH +0) [demonic ancestry]
  8471 | D:7      | Reached XP level 10. HP: 74/74 MP: 10/10
  8843 | D:8      | Noticed a two-headed ogre
  8857 | D:8      | Killed a two-headed ogre
  8858 | D:8      | Reached skill level 10 in Long Blades
  9031 | D:8      | Noticed Joseph
  9042 | D:8      | Killed Joseph
  9064 | D:8      | Reached skill level 6 in Armour
  9070 | D:8      | Reached skill level 1 in Evocations
  9384 | D:8      | Found a stormy altar of Qazlal.
  9384 | D:8      | Noticed Grum
  9393 | D:8      | Killed Grum
  9589 | D:8      | Found a snail-covered altar of Cheibriados.
 10264 | D:9      | Paralysed by a hornet for 1 turns
 10268 | D:9      | Noticed a two-headed ogre
 10443 | D:8      | Killed a two-headed ogre
 10444 | D:8      | Gained mutation: When low on magic, you restore magic in
                  | place of health. [demonic ancestry]
 10444 | D:8      | Reached XP level 11. HP: 59/83 MP: 8/11
 10739 | D:9      | Learned a level 4 spell: Animate Armour
 10770 | D:9      | Found a shimmering altar of Xom.
 10771 | D:9      | Found a shimmering altar of Xom.
 10771 | D:9      | Found a shimmering altar of Xom.
 10772 | D:9      | Found a shimmering altar of Xom.
 10772 | D:9      | Found a shimmering altar of Xom.
 10772 | D:9      | Found a shimmering altar of Xom.
 10782 | D:9      | Paralysed by a hornet for 1 turns
 10915 | D:9      | Identified the +8 falchion of Caeq {freeze, rN++}
 11048 | D:9      | Found a shimmering altar of Xom.
 11322 | D:10     | Entered Level 10 of the Dungeon
 11397 | D:10     | Noticed a two-headed ogre
 11424 | D:10     | Reached skill level 1 in Summonings
 11428 | D:10     | Killed a two-headed ogre
 11429 | D:10     | Reached skill level 1 in Shields
 11507 | D:10     | Reached skill level 7 in Armour
 11512 | D:10     | Found a staircase to the Lair.
 11601 | D:10     | Found a radiant altar of Vehumet.
 11601 | D:10     | Found an ancient bone altar of Kikubaaqudgha.
 11954 | D:10     | Found a portal to a secret trove of treasure.
 12021 | D:10     | Found a shimmering blue altar of Sif Muna.
 12164 | Lair:1   | Entered Level 1 of the Lair of Beasts
 12189 | Lair:1   | Found a runed translucent gate.
 12190 | Lair:1   | Found a runed translucent gate.
 12191 | Lair:1   | Found a runed translucent gate.
 12191 | Lair:1   | Noticed billz999's ghost (journeyman DjIE)
 13828 | Lair:2   | Found a staircase to the Snake Pit.
 13913 | Lair:2   | Gained mutation: You are completely covered in icy blue
                  | scales. (AC +4, rC+) [demonic ancestry]
 13913 | Lair:2   | Reached XP level 12. HP: 91/91 MP: 12/12
 13967 | Lair:1   | Reached skill level 8 in Armour
 14536 | Lair:2   | Noticed a five-headed hydra
 14562 | Lair:2   | Killed a 13-headed hydra
 14563 | Lair:2   | Reached skill level 9 in Armour
 15962 | Lair:3   | Reached skill level 10 in Armour
 16068 | Lair:3   | Found a staircase to the Swamp.
 16068 | Lair:3   | Noticed a ghost crab
 16219 | Lair:3   | Killed a ghost crab
 16271 | Swamp:1  | Entered Level 1 of the Swamp
 16323 | Lair:4   | Noticed a six-headed hydra
 16462 | Lair:3   | Killed an 18-headed hydra
 16463 | Lair:3   | Reached skill level 11 in Armour
 16891 | Lair:4   | Gained mutation: You have a tail ending in a sharp stinger.
                  | [demonic ancestry]
 16891 | Lair:4   | Reached XP level 13. HP: 99/99 MP: 13/13
 17292 | Lair:4   | Gained mutation: A frigid envelope surrounds you and
                  | freezes all who hurt you. [potion of mutation]
 17292 | Lair:4   | HP: 5/148 [15-headed hydra (10)]
 17294 | Lair:4   | Reached skill level 12 in Armour
 17585 | Lair:4   | Reached skill level 5 in Shields
 17741 | Lair:4   | Noticed Josephine
 17749 | Lair:4   | Killed Josephine
 17892 | Lair:4   | Reached skill level 13 in Armour
 18330 | Lair:5   | Entered Level 5 of the Lair of Beasts
 18611 | Lair:5   | Identified the +2 leather armour of Dithmenos's Wrath {+Inv
                  | rN+ Str+2}
 18840 | Lair:5   | Reached skill level 14 in Armour
 19674 | Lair:5   | Identified the +7 spear of Desertification {drain, rElec
                  | rPois Str-2 Dex+2}
 19949 | Swamp:1  | Gained mutation: You have a sharp stinger which inflicts
                  | weakening toxins. [demonic ancestry]
 19949 | Swamp:1  | Reached XP level 14. HP: 82/109 MP: 14/14
 20015 | Swamp:1  | Reached skill level 15 in Armour
 20071 | Swamp:1  | Reached skill level 10 in Fighting
 20547 | Swamp:1  | Lost mutation: A frigid envelope surrounds you and freezes
                  | all who hurt you. [potion of mutation]
 20547 | Swamp:1  | Gained mutation: You have a pair of small antennae on your
                  | head. [potion of mutation]
 20937 | Lair:1   | Killed billz999's ghost
 21158 | D:11     | Identified the +4 leather armour of Truth {Contam Harm rF+
                  | Dex+2}
 21314 | D:11     | Found a staircase to the Orcish Mines.
 22847 | D:12     | Reached skill level 1 in Spellcasting
 23642 | D:13     | Found a gate to the Vaults.
 23792 | D:13     | Found a shadowy altar of Dithmenos.
 23975 | D:13     | Identified the +8 flail "Ogreslayer" {elec, rF+ rN+}
 24265 | D:13     | Noticed Rupert
 24291 | D:13     | Killed Rupert
 25015 | D:14     | Reached skill level 15 in Long Blades
 25053 | D:14     | Identified the +4 arbalest of Evil {heavy, rElec MP-9 Dex+2
                  | SInv}
 25159 | D:14     | Lost mutation: You have a pair of small antennae on your
                  | head. [potion of mutation]
 25159 | D:14     | Gained mutation: You are frail. (-10% HP) [potion of
                  | mutation]
 25403 | D:14     | Paralysed by a great orb of eyes for 3 turns
 25828 | D:14     | Found an ancient bone altar of Kikubaaqudgha.
 25903 | D:15     | Entered Level 15 of the Dungeon
 25925 | D:15     | Lost mutation: You are frail. (-10% HP) [demonic ancestry]
 25925 | D:15     | Gained mutation: You are robust. (+10% HP) [demonic
                  | ancestry]
 25925 | D:15     | Reached XP level 15. HP: 98/128 MP: 19/19
 26524 | D:15     | Found a staircase to the Depths.
 26712 | D:15     | Bought a potion of curing for 78 gold pieces
 26712 | D:15     | Bought a ring of poison resistance for 520 gold pieces
 26712 | D:15     | Bought a runed kite shield for 195 gold pieces
 26957 | Swamp:1  | Reached skill level 16 in Armour
 27700 | Swamp:2  | Found a shimmering altar of Xom.
 29689 | Swamp:3  | Reached skill level 10 in Shields
 30522 | Swamp:4  | Entered Level 4 of the Swamp
 30984 | Swamp:4  | Noticed a thorn hunter
 31257 | Swamp:4  | Noticed Mara
 31282 | Swamp:4  | Mangled by Mara (illusionary)

Illustrated notes

Levels and vault maps discovered:
D:1:      lightli_arrival_farm, layout_basic, minmay_gold_behind_fungi
D:2:      kennysheep_big_flooded_room, layout_loops_ring, roderic_lattice_a,
          uniq_sigmund, uniq_crazy_yiuf_cottage, uniq_natasha
D:3:      layout_basic, mainiacjoe_overflow_boulevard,
          corexii_item_surrounded_by_moat, serial_bayou_lake_a, uniq_ijyb,
          uniq_robin, uniq_pargi
D:4:      layout_loops_corners, kennysheep_mini_moat,
          biasface_ghost_orc_armoury, lightli_sewer_entry_pipes,
          hangedman_decor_growths, minmay_shop_grid_forest, uniq_menkaure
D:5:      layout_cave_pools, mainiacjoe_overflow_catwalk,
          ashenzari_conservatory_becter, temple_doors_ab, ebering_ghost_sewer_f,
          serial_shops, nicolae_shop_behind_doors
D:6:      layout_rooms, nicolae_wu_jian_immortal_techniques, lemuel_round_altar
D:7:      layout_basic, enter_ossuary_3, minmay_misc_feat_rows, uniq_maggie
D:8:      layout_layer_cave, cheibrodos_worm_habitat, old_standard_altar,
          st_stairs_3, uniq_joseph, uniq_grum
D:9:      layout_big_octagon, xom_redecorated
D:10:     layout_roguey, tgw_sif, amethyst_overflow_temple_binary,
          hellmonk_lair_entry_icy, nicolae_trove_entry_isolated
D:11:     layout_grid_maze, orc_0_dummy
D:12:     layout_long_grid, chequers_arboretum
D:13:     layout_basic, erik_vaults_1, nicolae_dithmenos_shadow_blocks,
          uniq_rupert
D:14:     layout_gridville, nicolae_kikubaaqudgha_miasma_corner,
          dk_noncrumbling_3, kennysheep_two_boxes
D:15:     gammafunk_enter_depths_forms, layout_basic, minmay_misc_feat_encased
Lair:1:   layout_loops_ring, gammafunk_ghost_split, beast_lair_carwin_2
Lair:2:   layout_regular_city, minmay_snake_entry_guardpost_small,
          grunt_megastairs_5, infiniplex_staircase_pool, serial_bayou_shore_a
Lair:3:   layout_loops_ring, nicolae_swamp_entry_spooky, serial_bayou_shore_b,
          lemuel_fruit_tree, infiniplex_staircase_pool_2, serial_bayou_shore_b
Lair:4:   layout_layer_cave, evilmike_ambush [evilmike_ambush_outer_corners,
          evilmike_ambush_inner_pond], grunt_megastairs_4, uniq_josephine
Lair:5:   minmay_lair_end_frog_pond, layout_misc_corridors, slime_entry_2,
          lemuel_fruit_fields
Swamp:1:  layout_basic_swamp, evilmike_swamp_ruin_house_6
Swamp:2:  layout_basic_swamp, lemuel_altar_in_water
Swamp:3:  layout_basic_swamp, nicolae_swamp_tree_isthmus, swamp_pool4
Swamp:4:  swamp_fiery, layout_basic_swamp, nicolae_swamp_oxbows, uniq_mara

Skill      XL: |  1  2  3  4  5  6  7  8  9 10 11 12 13 14 15 |
---------------+----------------------------------------------+-----
Stealth        | 2 3 4 |  4.3
Short Blades   | 3 4 |  4.1
Dodging        | 3 |  3.5
Armour         | 1 3 4 5 6 7 11 14 15 16 | 16.4
Staves         | 1 |  1.0
Fighting       | 4 5 6 7 8 9 10 11 | 11.4
Long Blades    | 1 3 6 9 11 13 14 15 | 15.2
Evocations     | 1 |  1.2
Summonings     | 2 4 |  4.5
Shields        | 2 4 6 8 10 | 10.8
Spellcasting   | 3 4 |  4.9

Action                   |  1- 3 |  4- 6 |  7- 9 | 10-12 | 13-15 || total
-------------------------+-------+-------+-------+-------+-------++-------
Melee: Short sword       |    63 |       |       |       |       ||    63
       Dagger            |    45 |   273 |       |       |       ||   318
       Punch             |       |     9 |     3 |     1 |       ||    13
       Tailslap          |       |    79 |    68 |   123 |   278 ||   548
       Quarterstaff      |       |    69 |       |       |       ||    69
       Long sword        |       |    36 |   528 |   775 |  1428 ||  2767
       Falchion          |       |       |       |    14 |       ||    14
Invok: Potion Petition   |       |       |       |       |    13 ||    13
       Call Merchant     |       |       |       |       |     1 ||     1
Evoke: Wand              |       |       |     2 |    16 |       ||    18
  Use: Scroll            |     2 |     5 |    13 |    18 |    26 ||    64
       Potion            |       |     2 |     3 |    15 |    33 ||    53
 Stab: Sleeping          |     7 |     4 |     7 |       |       ||    18
       Paralysed         |       |       |     4 |     5 |       ||     9
       Distracted        |       |       |     1 |    11 |     4 ||    16
Armor: Robe              |     4 |       |   149 |    52 |       ||   205
       Leather armour    |     8 |       |       |       |       ||     8
       Ring mail         |       |    82 |    86 |       |       ||   168
       Chain mail        |       |       |     8 |       |       ||     8
       Crystal plate arm |       |       |       |   519 |  1814 ||  2333
       Skin              |       |       |       |       |    81 ||    81
Dodge: Dodged            |    58 |   200 |   428 |   179 |   421 ||  1286
Block: Other             |       |       |       |    24 |       ||    24
       Buckler           |       |       |       |   214 |   294 ||   508
       Kite shield       |       |       |       |       |   904 ||   904
       Reflection        |       |       |       |       |     3 ||     3

Table legend: (Time is in decaauts)
 A = Elapsed time spent in this place.
 B = Non-inter-level travel time spent in this place.
 C = Inter-level travel time spent in this place.
 D = Time resting spent in this place.
 E = Time spent auto-exploring this place.
 F = Levels seen in this place.
 G = Mean time per level.
                   A        B        C        D        E       F      G
               +--------+--------+--------+--------+--------+-----+--------+
         Total |  31566 |  30821 |    745 |   5031 |  15041 |  26 | 1214.1 |
       Dungeon |  16544 |  16035 |    509 |   1548 |  10103 |  15 | 1102.9 |
          Lair |   8181 |   7968 |    213 |   1617 |   2783 |   5 | 1636.2 |
         Swamp |   5434 |   5412 |     22 |   1865 |   1211 |   4 | 1358.5 |
         Sewer |    862 |    862 |      0 |      0 |    587 |   1 |  862.0 |
       Ossuary |    543 |    543 |      0 |      0 |    356 |   1 |  543.0 |
               +--------+--------+--------+--------+--------+-----+--------+

Top non-repeatable levels by time:
 Swamp:1: 2321 daAuts
  Lair:4: 2136 daAuts
  Lair:1: 2003 daAuts
     D:8: 1784 daAuts
  Lair:3: 1621 daAuts
     D:2: 1398 daAuts
  Lair:2: 1397 daAuts
     D:4: 1346 daAuts
    D:11: 1310 daAuts
 Swamp:2: 1267 daAuts
     D:1: 1267 daAuts
     D:7: 1239 daAuts
    D:14: 1238 daAuts
 Swamp:3: 1177 daAuts
    D:13: 1137 daAuts
